 Dungeon Crawl Stone Soup version 0.30-a0-840-ga523dec638 (webtiles) character file.

Game seed: 13451118042719965918

4120 Newt the Skirmisher (level 10, 0/50 (53) HPs)
             Began as a Kobold Hunter on Mar 1, 2023.
             Was a Believer of Hepliaklqana.
             Slain by a wight
             ... wielding a +1 long sword
              (8 damage)
             ... on level 9 of the Dungeon.
             The game lasted 00:08:11 (8990 turns).

Newt the Skirmisher (Kobold Hunter)                 Turns: 8990, Time: 00:08:12

HP:   0/50 (53)     AC:  4    Str:  8    XL:     10   Next: 51%
MP:   0/19          EV: 19    Int: 18    God:    Hepliaklqana [**....]
Gold: 511           SH:  0    Dex: 22    Spells: 18/21 levels left

rFire   . . .      SeeInvis +    p - +1 arbalest (drain)
rCold   + . .      Faith    .    (shield currently unavailable)
rNeg    . . .      Spirit   +    H - +0 toga "Victory" {*Victory Clar}
rPois   +          Reflect  .    (no helmet)
rElec   .          Harm     .    k - +1 cloak
rCorr   .          Rampage  .    (no gloves)
Will    .....      Clarity  +    (no boots)
Stlth   +++                      z - amulet of guardian spirit
HPRegen 0.28/turn                A - ring "Nakkof" {rPois rC+}
MPRegen 0.16/turn                t - +6 ring of intelligence

@: drained
A: reduced essence, small, no large weapons, nightstalker 3, fangs 1, talons 1,
see invisible, clarity
a: Renounce Religion, Recall Ancestor, Ancestor Identity


You were on level 9 of the Dungeon.
You worshipped Hepliaklqana.
Hepliaklqana was pleased with you.
You visited 2 branches of the dungeon, and saw 10 of its levels.
You also visited: Ossuary.

You collected 511 gold pieces.

Inventory:

Hand Weapons
 a - a +0 shortbow
 p - a +1 arbalest of draining (weapon)
 y - a +0 shortbow of flaming
Armour
 c - a +0 leather armour
 k - a +1 cloak (worn)
 F - +0 steam dragon scales
 H - the +0 toga "Victory" (worn) {*Victory Clar}
   (You found it on level 8 of the Dungeon)

   *Victory:  When the wearer kills a threatening monster, it has a chance to
   gain +1 AC, +1 Slay, and +1 Int, capping at +7.
   When the wearer uses a scroll or a potion with a hostile monster in sight,
   its bonuses reset to +0.
   Unequipping it also resets its bonuses to +0.
   Clar:      It protects you against confusion.
Jewellery
 d - a ring of flight
 t - a +6 ring of intelligence (right hand)
 z - an amulet of guardian spirit (around neck)
 A - the ring "Nakkof" (left hand) {rPois rC+}
   (You found it on level 6 of the Dungeon)

   [ring of poison resistance]

   rC:        It protects you from cold.
   rPois:     It protects you from poison.
Wands
 x - a wand of polymorph (11)
 B - a wand of iceblast (17)
 C - a wand of flame (14)
Scrolls
 b - 3 scrolls of immolation
 e - 2 scrolls of teleportation
 g - 3 scrolls of amnesia
 h - a scroll of poison
 D - a scroll of butterflies
 E - a scroll of identify
Potions
 f - 3 potions of heal wounds
 i - 4 potions of curing
 j - a potion of resistance
 l - 2 potions of lignification
 m - a potion of attraction
 n - 5 potions of cancellation {unknown}
 o - a potion of haste
 q - 2 potions of mutation
 r - a potion of degeneration
 s - 4 potions of might {unknown}
 u - 2 potions of flight {unknown}
 v - a potion of ambrosia
 w - 2 potions of invisibility {unknown}
 G - a potion of brilliance {unknown}


   Skills:
 - Level 5.0 Fighting
 - Level 10.0 Ranged Weapons
 - Level 6.0 Dodging
 - Level 1.3 Stealth
 - Level 6.0 Spellcasting
 + Level 6.8 Hexes
 + Level 6.8 Translocations


You had 18 spell levels left.
You knew the following spells:

 Your Spells              Type           Power      Damage    Failure   Level
a - Portal Projectile     Hex/Tloc       58%        N/A       2%          3

Your spell library contained the following spells:

 Spells                   Type           Power      Damage    Failure   Level
 Apportation              Tloc           58%        N/A       1%          1
 Tukima's Dance           Hex            29%        N/A       2%          3
 Ensorcelled Hibernation  Hex/Ice        34%        N/A       4%          2
 Summon Guardian Golem    Hex/Summ       17%        N/A       9%          3
 Beastly Appendage        Tmut           10%        N/A       12%         1
 Necrotise                Necr           20%        1d5       12%         1
 Sandblast                Erth           10%        2d5       12%         1
 Summon Small Mammal      Summ           20%        N/A       12%         1
 Passwall                 Tmut/Erth      4%         N/A       19%         2
 Wereblood                Tmut           5%         N/A       19%         2
 Anguish                  Hex/Necr       8%         N/A       30%         4
 Call Canine Familiar     Summ           5%         N/A       34%         3
 Spider Form              Tmut/Pois      5%         N/A       34%         3
 Stone Arrow              Conj/Erth      10%        3d7       34%         3
 Blade Hands              Tmut           2%         N/A       97%         5
 Fireball                 Conj/Fire      2%         3d4       97%         5
 Iskenderun's Battlesphe  Conj           5%         2d6       97%         5
 Conjure Ball Lightning   Conj/Air       2%         3x3d6     100%        6
 Iron Shot                Conj/Erth      2%         9d2       100%        6
 Orb of Destruction       Conj           2%         9d5       100%        7
 Spellforged Servitor     Conj/Summ      2%         N/A       100%        7


Dungeon Overview and Level Annotations

Branches:
Dungeon (9/15)             Temple (1/1) D:5         Ossuary (visited)
   Lair: D:8-11         Orc: D:9-12

Altars:
Ashenzari
Cheibriados
Dithmenos
Elyvilon
Fedhas
Gozag
Hepliaklqana
Kikubaaqudgha
Nemelex Xobeh
Okawaru
Qazlal
Ru
Sif Muna
Trog
Uskayaw
Vehumet
Wu Jian
Xom
Yredelemnul
Zin
The Shining One


Innate Abilities, Weirdness & Mutations

Your life essence is reduced to manifest your ancestor. (-10% HP)
You are small and have problems with some larger weapons.
You are completely attuned to the shadows.
You have very sharp teeth.
You have sharp toenails.
You have supernaturally acute eyesight. (SInv)
You possess an exceptional clarity of mind.


Message History

Ku-aya is destroyed!
The wight misses you.
You shoot a bolt. The bolt barely misses the wight.
The wight misses you.
You shoot a bolt. The bolt closely misses the wight.
An orc wizard comes into view. It is wielding a +0 dagger.
The wight hits you with a +1 long sword!
* * * LOW HITPOINT WARNING * * *
You shoot a bolt. The bolt barely misses the wight.
The wight misses you. x2
The wight completely misses you. The wight misses you.
The wight closely misses you.
The wight hits you with a +3 battleaxe of freezing!
* * * LOW HITPOINT WARNING * * *
You feel drained.
* * * LOW HITPOINT WARNING * * *
The wight freezes you.
* * * LOW HITPOINT WARNING * * *
Unknown command.
You shoot a bolt. The bolt hits the wight!
You destroy the wight!
The wight completely misses you. x2
Unknown command.
You feel much better. The orc wizard closely misses you.
The wight completely misses you. The wight closely misses you.
You shoot a bolt. The bolt closely misses the wight.
The orc wizard barely misses you. The wight closely misses you.
The wight hits you with a +4 dire flail!
* * * LOW HITPOINT WARNING * * *
The orc wizard hits you but does no damage.
The wight misses you. The wight closely misses you.
You shoot a bolt.
The bolt hits the wight but does no damage.
The wight is heavily damaged.
The orc wizard misses you. The wight misses you.
The wight hits you with a +4 dire flail!
* * * LOW HITPOINT WARNING * * *
You shoot a bolt. The bolt barely misses the wight.
The orc wizard points at you and mumbles some strange words.
You feel momentarily confused.
The wight hits you with a +1 long sword!
You die...

#......#.........#....#.##
#......#.........##...#...
#......#....>.....# #...
#......#.........(# ..
#......'..........# ..
###....############ ##
#.............
########.......z.[...
#.............@z.....
#.............)o)....
#....................
#....................
#.....############...
#####.# ... #.# .. ###


You could see 2 wights and an orc wizard.

Vanquished Creatures
  Joseph (D:7)
  Grinder (D:5)
  Sigmund (D:5)
  2 yaks (D:8)
  Menkaure (D:7)
  A steam dragon (D:8)
  Duvessa (D:5)
  2 ice beasts (D:5)
  A black bear (D:6)
  A sky beast (D:8)
  2 centaurs
  2 phantoms
  A kobold brigand (D:5)
  A necrophage (D:8)
  2 bullfrogs
  4 water moccasin zombies (Ossuary)
  2 scorpions
  4 wights
  Dowan (D:5)
  A crimson imp (D:8)
  3 hounds
  3 orc priests
  A jelly (D:5)
  Crazy Yiuf (D:2)
  4 iguanas
  4 orc wizards
  2 mummies (Ossuary)
  15 adders
  A shadow imp (D:8)
  4 white imps
  An ufetubus (D:5)
  2 adder zombies (Ossuary)
  A dart slug (D:1)
  16 orcs
  4 bats
  8 endoplasms
  3 giant cockroaches
  9 goblins
  6 hobgoblins
  2 jackals (D:4)
  10 kobolds
  4 quokkas
  3 ball pythons
  4 frilled lizards
  4 gnoll zombies (Ossuary)
  7 hobgoblin zombies (Ossuary)
  6 kobold zombies (Ossuary)
  5 orc zombies (Ossuary)
  8 rats
  A spectral orc (D:4)
174 creatures vanquished.

Vanquished Creatures (collateral kills)
  Prince Ribbit (D:7)
  2 yaks (D:8)
  A wight (D:9)
4 creatures vanquished.

Vanquished Creatures (others)
  A knight (D:9)
  7 fungi (D:5)
8 creatures vanquished.

Grand Total: 186 creatures vanquished

Notes
Turn   | Place    | Note
-------+----------+-------------------------------------------
     0 | D:1      | Newt the Kobold Hunter began the quest for the Orb.
     0 | D:1      | Reached XP level 1. HP: 12/12 MP: 1/1
   124 | D:1      | Reached XP level 2. HP: 12/18 MP: 2/2
   465 | D:1      | You fall into a shaft and drop 1 floor!
   496 | D:2      | Reached XP level 3. HP: 23/23 MP: 3/3
  1101 | D:2      | Reached XP level 4. HP: 30/30 MP: 4/4
  1391 | D:2      | Found a runed translucent door.
  1394 | D:2      | Noticed Crazy Yiuf
  1406 | D:2      | Killed Crazy Yiuf
  1407 | D:2      | Reached skill level 5 in Fighting
  1700 | D:3      | Reached XP level 5. HP: 35/35 MP: 5/5
  2113 | D:3      | Reached skill level 6 in Ranged Weapons
  2634 | D:4      | Reached skill level 7 in Ranged Weapons
  2634 | D:4      | Reached XP level 6. HP: 15/40 MP: 6/6
  2708 | D:4      | Found a sand-covered staircase.
  2714 | Ossuary  | Entered an ossuary
  2751 | Ossuary  | Reached skill level 8 in Ranged Weapons
  2894 | Ossuary  | Reached XP level 7. HP: 14/44 MP: 7/7
  2896 | Ossuary  | Reached skill level 9 in Ranged Weapons
  3466 | D:4      | Found a basalt altar of Yredelemnul.
  3600 | D:5      | Entered Level 5 of the Dungeon
  3704 | D:5      | Reached skill level 10 in Ranged Weapons
  3750 | D:5      | Reached XP level 8. HP: 49/49 MP: 8/8
  3763 | D:5      | Reached skill level 5 in Dodging
  3843 | D:5      | Found a hide-covered altar of Uskayaw.
  3843 | D:5      | Noticed Sigmund
  3866 | D:5      | Killed Sigmund
  3876 | D:5      | Gained mutation: You have hidden genetic potential. [potion
                  | of mutation]
  3876 | D:5      | Gained mutation: You have supernaturally acute eyesight.
                  | (SInv) [potion of mutation]
  3876 | D:5      | Gained mutation: You have sharp toenails. [potion of
                  | mutation]
  3907 | D:5      | Noticed Grinder
  3909 | D:5      | Reached skill level 1 in Spellcasting
  3909 | D:5      | Reached skill level 1 in Hexes
  3909 | D:5      | Reached skill level 1 in Translocations
  3910 | D:5      | Killed Grinder
  4023 | D:5      | Noticed Dowan
  4024 | D:5      | Noticed Duvessa
  4026 | D:5      | Killed Dowan
  4034 | D:5      | Killed Duvessa
  4035 | D:5      | Reached XP level 9. HP: 21/54 MP: 11/13
  4315 | D:5      | Learned a level 3 spell: Portal Projectile
  4325 | D:5      | Found a staircase to the Ecumenical Temple.
  4428 | Temple   | Entered the Ecumenical Temple
  4690 | Temple   | Became a worshipper of Hepliaklqana the Forgotten
  5266 | D:6      | Gained mutation: You possess an exceptional clarity of
                  | mind. [hidden potential]
  5319 | D:6      | Identified the ring "Nakkof" {rPois rC+}
  6640 | D:7      | Noticed Joseph
  6647 | D:7      | Killed Joseph
  6651 | D:7      | Reached skill level 5 in Translocations
  6790 | D:7      | Reached * piety under Hepliaklqana
  6839 | D:7      | Reached skill level 5 in Spellcasting
  6839 | D:7      | Reached skill level 5 in Hexes
  6882 | D:7      | Noticed Menkaure
  6885 | D:7      | Killed Menkaure
  6886 | D:7      | Reached XP level 10. HP: 53/53 MP: 17/17
  7084 | D:7      | Noticed Prince Ribbit
  7089 | D:7      | Killed Prince Ribbit
  7107 | D:7      | Gained mutation: You have very sharp teeth. [hidden
                  | potential]
  7107 | D:7      | Lost mutation: You have hidden genetic potential. [hidden
                  | potential expressed]
  7287 | D:7      | Identified the +10 scimitar of Tender Mercy {antimagic,
                  | *Rage rF- rCorr Int+8}
  7440 | D:7      | Found an iron altar of Okawaru.
  8461 | D:8      | Found the +0 toga "Victory" {*Victory Clar}
  8933 | D:9      | Found a glowing silver altar of Zin.
  8933 | D:9      | Found a stormy altar of Qazlal.
  8954 | D:9      | Reached ** piety under Hepliaklqana
  8956 | D:9      | Remembered your ancestor Ku-aya as a knight
  8990 | D:9      | Slain by a wight

Illustrated notes

Levels and vault maps discovered:
D:1:      tarquinn_simple_flora_water_f, layout_basic
D:2:      layout_rooms, serial_bayou_crossing, uniq_crazy_yiuf_cottage
D:3:      layout_loops_ring
D:4:      layout_loops_ring, yredelemnul_forgotten_temple_becter,
          nicolae_ossuary_entry_monument
D:5:      layout_basic, mainiacjoe_overflow_cross_hatched,
          minmay_temple_entry_water_ring, grunt_decor_one_mirror, uniq_grinder,
          uniq_sigmund, uniq_duvessa
D:6:      layout_loops_corners, nicolae_half_adder
D:7:      layout_cave_pods, kennysheep_okawaru_gauntlet, uniq_prince_ribbit1,
          uniq_joseph, uniq_menkaure
D:8:      layout_loops_corners, minmay_tree_intersection,
          amcnicky_mini_corridor_feature, minmay_fire_ice_demons
D:9:      layout_irregular_city, nicolae_overflow_two_pavilions, orc_david_3,
          enter_bailey_5, gammafunk_ghost_ooze
Temple:   nicolae_temple_elliptical

Skill      XL: |  1  2  3  4  5  6  7  8  9 10 |
---------------+-------------------------------+-----
Fighting       | 3 4 5 |  5.0
Ranged Weapons | 7 8 10 | 10.0
Dodging        | 4 6 |  6.0
Spellcasting   | 2 5 6 |  6.0
Hexes          | 2 5 6 |  6.8
Translocations | 2 5 6 |  6.8
Stealth        | |  1.3

Action                     |  1- 3 |  4- 6 |  7- 9 | 10-12 || total
---------------------------+-------+-------+-------+-------++-------
   Fire: Shortbow          |    87 |    51 |       |       ||   138
         Arbalest          |       |    67 |   172 |    56 ||   295
   Cast: Portal Projectile |       |       |       |     1 ||     1
 Invoke: Ancestor Life: Kn |       |       |       |     1 ||     1
    Use: Scroll            |     3 |     3 |     7 |     4 ||    17
         Potion            |     1 |       |     3 |     1 ||     5
 Armour: Leather armour    |     7 |    16 |     8 |     2 ||    33
         Robe              |       |       |       |     2 ||     2
  Dodge: Dodged            |    30 |    47 |    84 |    46 ||   207

Table legend: (Time is in decaauts)
 A = Elapsed time spent in this place.
 B = Non-inter-level travel time spent in this place.
 C = Inter-level travel time spent in this place.
 D = Time resting spent in this place.
 E = Time spent auto-exploring this place.
 F = Levels seen in this place.
 G = Mean time per level.
                   A        B        C        D        E       F      G
               +--------+--------+--------+--------+--------+-----+--------+
         Total |   9171 |   8751 |    420 |    361 |   7185 |  11 |  833.7 |
       Dungeon |   8526 |   8151 |    375 |    361 |   6717 |   9 |  947.3 |
        Temple |    279 |    235 |     44 |      0 |    219 |   1 |  279.0 |
       Ossuary |    365 |    365 |      0 |      0 |    249 |   1 |  365.0 |
               +--------+--------+--------+--------+--------+-----+--------+

Top non-repeatable levels by time:
     D:5: 1354 daAuts
     D:7: 1268 daAuts
     D:8: 1267 daAuts
     D:6: 1140 daAuts
     D:1: 862 daAuts
     D:4: 851 daAuts
     D:2: 837 daAuts
     D:3: 775 daAuts
 Ossuary: 365 daAuts
  Temple: 279 daAuts
     D:9: 167 daAuts
